[ AOE2 MATCH · #507345269 ]
UnrankedMongols vs Vikings
Player's team · WIN
Rival team · LOSS
[ REPLAY ANALYSIS · EXTRACTED FROM THE RECORDED GAME ]
Feudal
7:44
Castle
—
Imperial
—
| APM avg | 34.2 |
| APM peak | 68 |
| eAPM avg | 14.7 |
| Villagers / military | 42 / 2 |
Focus
⚔️ 10.0% · 🌾 90.0%
Spearman ×2
Feudal
10:05
Castle
14:16
Imperial
—
| APM avg | 27.3 |
| APM peak | 74 |
| eAPM avg | 12.3 |
| Villagers / military | 28 / 1 |
Focus
⚔️ 4.1% · 🌾 95.9%
Mangonel ×1
Match map
Initial resources + every placement click. Lines = walls · curves = elevation contours. ◆ gold · ⬟ stone · ● berries · ✦ relic · ◌ wall gap
Your base· ✓ Closed at 12:00 · 0t walls · 3 gate(s)
Choncho's base· ✓ Closed at 14:16 · 9t walls · 2 gate(s)
Smoothed initial terrain · ◌ = detected wall gap · hover for details
Inputs per minute
— hK | triunFo - - Choncho
Build order — hK | triunFo
75 actions detected in the replay
| 0:01 | Queue | Villager (Male) |
| 0:01 | Queue | Villager (Male) |
| 0:01 | Queue | Villager (Male) |
| 0:01 | Queue | Villager (Male) |
| 0:05 | Build | House |
| 1:21 | Build | House |
| 1:39 | Queue | Villager (Male) |
| 1:56 | Build | House |
| 2:01 | Queue | Villager (Male) |
| 2:16 | Queue | Villager (Male) |
| 2:29 | Queue | Villager (Male) |
| 2:41 | Queue | Villager (Male) |
| 2:47 | Build | Lumber Camp |
| 3:42 | Queue | Villager (Male) |
| 3:42 | Queue | Villager (Male) |
| 3:43 | Queue | Villager (Male) |
| 4:27 | Research | Loom |
| 4:55 | Build | Mining Camp |
| 5:03 | Queue | Villager (Male) |
| 5:34 | Research | Feudal Age |
| 5:55 | Build | House |
| 6:01 | Queue | Villager (Male) |
| 6:01 | Queue | Villager (Male) |
| 6:02 | Queue | Villager (Male) |
| 6:39 | Queue | Villager (Male) |
| 7:25 | Queue | Villager (Male) |
| 7:44 | Age | Feudal Age |
| 7:50 | Build | Watch Tower |
| 8:36 | Queue | Villager (Male) |
| 9:06 | Queue | Villager (Male) |
| 9:19 | Queue | Villager (Male) |
| 9:44 | Build | Watch Tower |
| 9:48 | Queue | Villager (Male) |
| 10:32 | Build | Watch Tower |
| 10:42 | Queue | Villager (Male) |
| 10:43 | Queue | Villager (Male) |
| 10:49 | Build | House |
| 10:51 | Build | House |
| 11:16 | Build | Mill |
| 11:17 | Queue | Villager (Male) |
| 11:17 | Queue | Villager (Male) |
| 11:58 | Build | House |
| 12:22 | Build | Mining Camp |
| 12:25 | Queue | Villager (Male) |
| 12:45 | Research | Double-Bit Axe |
| 12:45 | Research | Double-Bit Axe |
| 13:01 | Queue | Villager (Male) |
| 13:19 | Research | Horse Collar |
| 13:28 | Queue | Villager (Male) |
| 13:46 | Build | Farm |
| 13:55 | Queue | Villager (Male) |
| 13:55 | Queue | Villager (Male) |
| 14:04 | Build | Farm |
| 14:10 | Queue | Villager (Male) |
| 14:11 | Queue | Villager (Male) |
| 14:21 | Build | Farm |
| 14:30 | Build | Farm |
| 14:31 | Queue | Villager (Male) |
| 14:31 | Queue | Villager (Male) |
| 14:53 | Queue | Villager (Male) |
| 14:57 | Build | Farm |
| 15:19 | Queue | Villager (Male) |
| 15:23 | Build | Farm |
| 15:45 | Build | Farm |
| 15:47 | Queue | Villager (Male) |
| 15:59 | Build | House |
| 16:17 | Build | Market |
| 16:22 | Queue | Villager (Male) |
| 16:35 | Queue | Villager (Male) |
| 17:10 | Build | Barracks |
| 17:19 | Queue | Villager (Male) |
| 17:19 | Queue | Villager (Male) |
| 17:34 | Queue | Spearman |
| 17:34 | Queue | Spearman |
| 17:48 | Build | House |
Build order — Choncho
61 actions detected in the replay
| 0:00 | Queue | Villager (Male) |
| 0:00 | Queue | Villager (Male) |
| 0:01 | Queue | Villager (Male) |
| 0:01 | Queue | Villager (Male) |
| 0:02 | Build | House |
| 0:03 | Build | House |
| 1:26 | Queue | Villager (Male) |
| 1:26 | Queue | Villager (Male) |
| 1:45 | Build | Lumber Camp |
| 1:55 | Queue | Villager (Male) |
| 2:15 | Queue | Villager (Male) |
| 2:15 | Queue | Villager (Male) |
| 2:43 | Queue | Villager (Male) |
| 2:43 | Queue | Villager (Male) |
| 3:09 | Queue | Villager (Male) |
| 3:32 | Queue | Villager (Male) |
| 3:49 | Build | House |
| 4:00 | Queue | Villager (Male) |
| 4:01 | Queue | Villager (Male) |
| 4:20 | Build | House |
| 4:49 | Queue | Villager (Male) |
| 5:06 | Queue | Villager (Male) |
| 5:07 | Queue | Villager (Male) |
| 6:01 | Queue | Villager (Male) |
| 6:02 | Queue | Villager (Male) |
| 6:44 | Build | Mill |
| 6:55 | Queue | Villager (Male) |
| 6:55 | Queue | Villager (Male) |
| 6:55 | Queue | Villager (Male) |
| 7:33 | Research | Feudal Age |
| 7:38 | Build | Mining Camp |
| 8:13 | Build | House |
| 8:14 | Build | House |
| 8:30 | Build | Palisade Wall |
| 8:32 | Build | Palisade Wall |
| 8:46 | Build | House |
| 8:52 | Build | House |
| 8:53 | Build | House |
| 8:58 | Build | Palisade Wall |
| 9:02 | Build | House |
| 9:04 | Build | House |
| 10:05 | Age | Feudal Age |
| 10:11 | Build | Market |
| 11:04 | Build | Blacksmith |
| 11:36 | Research | Castle Age |
| 11:55 | Build | Mining Camp |
| 12:40 | Research | Double-Bit Axe |
| 12:41 | Research | Double-Bit Axe |
| 13:35 | Build | Farm |
| 14:16 | Age | Castle Age |
| 14:21 | Build | Siege Workshop |
| 14:28 | Queue | Villager (Male) |
| 14:28 | Queue | Villager (Male) |
| 15:00 | Queue | Mangonel |
| 15:38 | Queue | Villager (Male) |
| 16:18 | Queue | Villager (Male) |
| 16:19 | Queue | Villager (Male) |
| 16:28 | Build | Farm |
| 16:53 | Build | Farm |
| 16:56 | Build | Farm |
| 17:20 | Build | Farm |
Match timeline
| 7:44 | hK | triunFo · age_up feudal |
| 8:30 | Choncho · wall_segment Palisade Wall x1 |
| 8:32 | Choncho · wall_segment Palisade Wall x1 |
| 8:58 | Choncho · wall_segment Palisade Wall x7 |
| 10:05 | Choncho · age_up feudal |
| 11:12 | Choncho · first_market_buy 100 food |
| 11:16 | Choncho · first_market_sell 100 stone |
| 14:16 | Choncho · age_up castle |
| 14:21 | Choncho · first_building Siege Workshop |
| 17:10 | hK | triunFo · first_building Barracks |
| 18:19 | Choncho · resign |
[ AI ANALYSIS · 1 CREDIT ]
What really happened in this match?
Wolo.gg analyzes every decision: build order, eco, micro, common mistakes by bracket. Personalized analysis on WhatsApp or Discord in 30 seconds.
Civ guide
Mongols
Perfil
Jugador #23740110